 Dungeon Crawl Stone Soup version 0.28.0-45-g0d030f2227 (webtiles) character file.

Game seed: 3079400635438442150

79 MisterFreud the Cutter (level 4, -8/41 HPs)
             Began as a Gnoll Cinder Acolyte on Mar 31, 2022.
             Was a High Priest of Ignis.
             Mangled by a gnoll
             ... wielding a +0 flail
              (14 damage)
             ... on level 2 of the Dungeon.
             The game lasted 00:02:11 (2790 turns).

MisterFreud the Cutter (Gnoll Cinder Acolyte)       Turns: 2790, Time: 00:02:11

Health: -8/41      AC:  2    Str: 13    XL:     4   Next: 37%
Magic:  4/8        EV: 11    Int: 16    God:    Ignis [*****.]
Gold:   78         SH:  0    Dex:  7    Spells: 7/9 levels left

rFire   + . .      SeeInvis .   a - -1 short sword (flame)
rCold   . . .      Faith    .   (no shield)
rNeg    . . .      Spirit   .   b - +0 robe
rPois   .          Reflect  .   (no helmet)
rElec   .          Harm     .   (no cloak)
rCorr   .          Rampage  .   (no gloves)
Will    .....                   (no boots)
Stlth   +.........              (no amulet)
HPRegen 0.13/turn               (no ring)
MPRegen 0.11/turn               (no ring)

@: no status effects
A: fangs 1, strong nose, distributed training
a: Renounce Religion, Fiery Armour, Foxfire Swarm, Rising Flame


You were on level 2 of the Dungeon.
You worshipped Ignis.
Ignis was extremely pleased with you.
You visited 1 branch of the dungeon, and saw 3 of its levels.

You collected 78 gold pieces.

Inventory:

Hand Weapons
 a - a -1 short sword of flaming (weapon)
Armour
 b - a +0 robe (worn)
Scrolls
 e - a scroll of enchant armour {unknown}
 f - 2 scrolls of teleportation {unknown}
Potions
 c - a potion of heal wounds {unknown}
 d - 2 potions of curing {unknown}


   Skills:
 + Level 6.6 Fighting
 + Level 6.6 Short Blades
 + Level 1.1 Long Blades
 + Level 1.1 Axes
 + Level 1.1 Maces & Flails
 + Level 1.1 Polearms
 + Level 1.1 Staves
 + Level 1.1 Slings
 + Level 1.1 Bows
 + Level 1.1 Crossbows
 + Level 1.1 Throwing
 + Level 1.1 Armour
 + Level 1.1 Dodging
 + Level 1.1 Stealth
 + Level 1.1 Shields
 + Level 1.1 Unarmed Combat
 + Level 3.0 Spellcasting
 + Level 0.8 Conjurations
 + Level 0.8 Hexes
 + Level 0.8 Summonings
 + Level 0.8 Necromancy
 + Level 0.8 Translocations
 + Level 0.8 Transmutations
 + Level 5.4 Fire Magic
 + Level 0.8 Ice Magic
 + Level 0.8 Air Magic
 + Level 0.8 Earth Magic
 + Level 0.8 Poison Magic
 + Level 1.2 Invocations
 + Level 1.1 Evocations


You had 7 spell levels left.
You knew the following spells:

 Your Spells              Type           Power      Damage    Failure   Level
a - Scorch                Fire           38%        2d7       3%          2

Your spell library contained the following spells:

 Spells                   Type           Power      Damage    Failure   Level
 Malign Gateway           Summ/Tloc      2%         N/A       100%        7
 Summon Horrible Things   Summ           2%         N/A       100%        8


Dungeon Overview and Level Annotations

Branches:
Dungeon (3/15)

Altars:


Innate Abilities, Weirdness & Mutations

You have very sharp teeth.
Your uncanny sense of smell can sniff out nearby items.
Your experience applies equally to all skills.


Message History

You start resting.
Magic restored.
There is a stone staircase leading down, spattered with blood here.
You start resting.
HP restored.
You climb downwards.
The jackal bites you. The gnoll barely misses you. The adder misses you.
The jackal bites you. The gnoll hits you with a +0 whip.
The gnoll closely misses you. The adder closely misses you.
The gnoll barely misses you.
There is a stone staircase leading up here.
Unknown command.
The goblin shouts!
The jackal bites you. The adder bites you but does no damage.
The gnoll barely misses you. The gnoll hits you with a +0 flail.
The jackal misses you. The gnoll barely misses you.
You climb upwards.
There is a stone staircase leading down, spattered with blood here.
Casting: Scorch (safe; 3% risk of failure)
Confirm with . or Enter, or press ? or * to list all spells.
Flames lash the gnoll.
The gnoll is moderately wounded.
The gnoll's fire resistance burns away.
The adder bites you but does no damage. The gnoll barely misses you.
The jackal bites you but does no damage.
The gnoll hits you with a +0 flail. The gnoll hits you with a +0 whip.
Unknown command.
Casting: Scorch (safe; 3% risk of failure)
Confirm with . or Enter, or press ? or * to list all spells.
Flames lash the gnoll.
The gnoll is burned terribly!
You kill the gnoll!
The adder barely misses you.
The jackal bites you but does no damage.
The gnoll hits you with a +0 flail!
* * * LOW HITPOINT WARNING * * *
The adder closely misses you. The gnoll hits you with a +0 whip.
* * * LOW HITPOINT WARNING * * *
Your Spellcasting skill increases to level 3!
Unknown command.
The gnoll hits you with a +0 flail!
You die...

#.......####...# #######
#..###...####.## ......#
#..##.....# #.#
#####>####..##....(# #.#
###................# #.# #
......#####.##.#...###.##########
###.#.# #.##.#.................
###.#.#####.##.#..####.#########.
..#.#...........@g# #.# #.
..#.............gh# #.# #####.
.........##.##.#S.####.#####.....
.........##.##.#.................
.........##.##.#..####.......##.#
..#........#..>#..# ##.......#.#
....#####.#.......# #.#####.#.#
###...###.#.......#####.# #.#.# #
#)..##.....รท..........# #.#.#


You could see 2 gnolls, an adder and a jackal.

Vanquished Creatures
  2 gnolls (D:2)
  2 dart slugs (D:1)
  3 orcs (D:2)
  5 ball pythons
  7 endoplasms
  4 goblins
  6 hobgoblins
  4 jackals (D:2)
  A quokka (D:2)
  4 bats
  2 frilled lizards
  5 kobolds (D:1)
  2 rats
47 creatures vanquished.

Notes
Turn   | Place    | Note
-------+----------+-------------------------------------------
     0 | D:1      | MisterFreud the Gnoll Cinder Acolyte began the quest for
                  | the Orb.
     0 | D:1      | Reached XP level 1. HP: 23/23 MP: 4/4
   379 | D:1      | Reached XP level 2. HP: 25/29 MP: 5/5
   384 | D:1      | Learned a level 2 spell: Scorch
   606 | D:1      | Found a faded altar of an unknown god.
  1114 | D:1      | Reached XP level 3. HP: 31/35 MP: 1/7
  1634 | D:2      | Reached skill level 1 in Invocations
  2165 | D:2      | Reached skill level 1 in Long Blades
  2165 | D:2      | Reached skill level 1 in Axes
  2165 | D:2      | Reached skill level 1 in Maces & Flails
  2165 | D:2      | Reached skill level 1 in Polearms
  2165 | D:2      | Reached skill level 1 in Staves
  2165 | D:2      | Reached skill level 1 in Slings
  2165 | D:2      | Reached skill level 1 in Bows
  2165 | D:2      | Reached skill level 1 in Crossbows
  2165 | D:2      | Reached skill level 1 in Throwing
  2165 | D:2      | Reached skill level 1 in Armour
  2165 | D:2      | Reached skill level 1 in Dodging
  2165 | D:2      | Reached skill level 1 in Stealth
  2165 | D:2      | Reached skill level 1 in Shields
  2165 | D:2      | Reached skill level 1 in Unarmed Combat
  2165 | D:2      | Reached skill level 1 in Evocations
  2649 | D:2      | Reached XP level 4. HP: 34/41 MP: 5/8
  2790 | D:2      | Mangled by a gnoll

Illustrated notes

Levels and vault maps discovered:
D:1:      lemuel_arrival_river_bridge, layout_basic,
          hellmonk_ecumenical_altar_arch_garden
D:2:      layout_loops_ring, guppyfry_early_orc_mine
D:3:      layout_rooms, serial_shops, nicolae_shop_bloodbath_and_beyond,
          gammafunk_ghost_mausoleum, chequers_serial_rivers_room_a

Skill      XL: |  1  2  3  4 |
---------------+-------------+-----
Invocations    | 1 |  1.2
Long Blades    | 1 |  1.1
Axes           | 1 |  1.1
Maces & Flails | 1 |  1.1
Polearms       | 1 |  1.1
Staves         | 1 |  1.1
Slings         | 1 |  1.1
Bows           | 1 |  1.1
Crossbows      | 1 |  1.1
Throwing       | 1 |  1.1
Armour         | 1 |  1.1
Dodging        | 1 |  1.1
Stealth        | 1 |  1.1
Shields        | 1 |  1.1
Unarmed Combat | 1 |  1.1
Evocations     | 1 |  1.1
Spellcasting   | 3 |  3.0
Fighting       | |  6.6
Short Blades   | |  6.6
Conjurations   | |  0.8
Hexes          | |  0.8
Summonings     | |  0.8
Necromancy     | |  0.8
Translocations | |  0.8
Transmutations | |  0.8
Fire Magic     | |  5.4
Ice Magic      | |  0.8
Air Magic      | |  0.8
Earth Magic    | |  0.8
Poison Magic   | |  0.8

Action                   |  1- 3 |  4- 6 || total
-------------------------+-------+-------++-------
Melee: Short sword       |    80 |     2 ||    82
       Bite              |     4 |       ||     4
 Cast: Scorch            |    37 |     4 ||    41
Armor: Robe              |    12 |     4 ||    16
Dodge: Dodged            |    35 |    12 ||    47
